 Dungeon Crawl Stone Soup version 0.23.2-1-ga50397a (webtiles) character file.

Game seed: 13440183696449904715

40 Inchmeat the Chopper (level 3, -5/30 HPs)
             Began as a Hill Orc Gladiator on Apr 18, 2019.
             Killed from afar by Natasha (6 damage)
             ... with a magic dart
             ... on level 2 of the Dungeon.
             The game lasted 00:01:14 (872 turns).

Inchmeat the Chopper (Hill Orc Gladiator)            Turns: 872, Time: 00:01:15

Health: -5/30      AC:  2    Str: 17    XL:     3   Next: 50%
Magic:  3/3        EV: 12    Int:  8    God:
Gold:   36         SH:  0    Dex: 12    Spells: 2/2 levels left

rFire    . . .     SeeInvis .   a - +0 war axe
rCold    . . .     Gourm    .   (no shield)
rNeg     . . .     Faith    .   b - +0 leather armour
rPois    .         Spirit   .   c - +0 helmet
rElec    .         Reflect  .   (no cloak)
rCorr    .         Harm     .   (no gloves)
MR       .....                  (no boots)
Stlth    +.........             (no amulet)
HPRegen  0.10/turn              (no ring)
MPRegen  0.08/turn              (no ring)

@: hasted and slowed
A: hooves 1, deformed body, mutation resistance 1
a: no special abilities


You were on level 2 of the Dungeon.
You were not hungry.

You visited 1 branch of the dungeon, and saw 2 of its levels.

You collected 36 gold pieces.

Inventory:

Hand Weapons
 a - a +0 war axe (weapon)
Missiles
 d - a throwing net (quivered)
Armour
 b - a +0 leather armour (worn)
 c - a +0 helmet (worn)
Jewellery
 j - a cursed ring of teleportation {unknown}
Scrolls
 h - 3 scrolls of identify {unknown}
 i - a scroll of teleportation {unknown}
 k - a scroll of noise {unknown}
 m - a scroll of enchant armour {unknown}
Potions
 e - a potion of agility {unknown}
 g - a potion of might {unknown}
Comestibles
 f - 6 rations


   Skills:
 - Level 2.4 Fighting
 + Level 5.9 Axes
 - Level 1.7 Throwing
 - Level 2.4 Dodging


You had 2 spell levels left.
You didn't know any spells.
Your spell library was empty.

Dungeon Overview and Level Annotations

Branches:
Dungeon (2/15)

Altars:

Annotations:
D:2 Natasha


Innate Abilities, Weirdness & Mutations

You have large cloven feet.
Armour fits poorly on your strangely shaped body.
You are somewhat resistant to further mutation.


Message History

Natasha be severely wounded.
Natasha claws ye.
* * * LOW HITPOINT WARNIN'
* * * Ye barely miss Natasha.
Natasha be severely wounded.
Natasha casts a spell at ye.
Tha magic dart hits ye.
* * * LOW HITPOINT WARNIN'
* * * Natasha stares at ye an' mumbles some strange words.
Ye feel yerself slow down.
Unknown command.
Unknown command.
It was a potion o' mutation.
Ye feel 'stremely strange.
Yer body twists an' deforms.
Yer feet thick'n an' deform.
Ye feel genetic'lly st'ble.
Natasha closely misses ye.
It was a potion o' haste.
Ye feel yerself speed up.
Natasha stares at ye an' mumbles some strange words.
Tha magic dart hits ye.
Ye die...

#. #.## #... #..##
...# ###+###..####
#.....h.(...+ ..
#####....@#..####....
#.........#b...h.....
#.........#.......#+#
#.........#.#.....#
#.........#.#######
#.......###..
#<......# ####
#.......# #.......#


You could see Natasha.

Vanquished Creatures
  An adder (D:2)
  An ooze (D:1)
  2 dart slugs (D:1)
  3 bats
  2 giant cockroaches (D:1)
  4 hobgoblins (D:1)
  A ball python (D:2)
  A goblin (D:1)
  5 kobolds (D:1)
  5 rats (D:1)
25 creatures vanquished.

Notes
Turn   | Place    | Note
-------+----------+-------------------------------------------
     0 | D:1      | Inchmeat the Hill Orc Gladiator began the quest for the
                  | Orb.
     0 | D:1      | Reached XP level 1. HP: 18/18 MP: 1/1
   237 | D:1      | Reached XP level 2. HP: 25/25 MP: 2/2
   297 | D:1      | Reached skill level 5 in Axes
   551 | D:1      | Reached XP level 3. HP: 29/30 MP: 3/3
   854 | D:2      | Noticed Natasha
   870 | D:2      | HP: 1/30 [Natasha/magic dart (4)]
   871 | D:2      | Gained mutation: Armour fits poorly on your strangely
                  | shaped body. [potion of mutation]
   871 | D:2      | Gained mutation: You have large cloven feet. [potion of
                  | mutation]
   871 | D:2      | Gained mutation: You are somewhat resistant to further
                  | mutation. [potion of mutation]
   872 | D:2      | Killed from afar by Natasha

Skill      XL: |  1  2 |
---------------+-------+-----
Axes           | 5 |  5.9
Fighting       | |  2.4
Throwing       | |  1.7
Dodging        | |  2.4

Action                   || total
-------------------------++-------
Melee: War axe           ||    94
Throw: Throwing net      ||     2
  Use: Potion            ||     2
Armor: Leather armour    ||    29
Dodge: Dodged            ||    57
